 Dungeon Crawl Stone Soup version 0.29.1-13-g9f3cf754e1 (webtiles) character file.

Game seed: 5243592309768093473

58 DemonSlayer the Digger (level 3, -1/24 HPs)
             Began as a Demonspawn Earth Elementalist on Jan 25, 2023.
             Slain by Robin
             ... wielding a +0 spear
              (2 damage)
             ... on level 2 of the Dungeon.
             The game lasted 00:02:37 (1105 turns).

DemonSlayer the Digger (DsEE)                       Turns: 1105, Time: 00:02:38

Health: -1/24      AC:  5    Str: 10    XL:     3   Next: 76%
Magic:  5/6        EV: 12    Int: 16    God:
Gold:   62         SH:  3    Dex: 13    Spells: 5/6 levels left

rFire   . . .      SeeInvis .   f - +0 dagger
rCold   . . .      Faith    .   j - +0 buckler
rNeg    . . .      Spirit   .   a - +0 robe
rPois   .          Reflect  .   (no helmet)
rElec   .          Harm     .   (no cloak)
rCorr   .          Rampage  .   g - +0 pair of gloves
Will    .....                   (no boots)
Stlth   ++........              (no amulet)
HPRegen 0.08/turn               (no ring)
MPRegen 0.10/turn               (no ring)

@: flying
A: sharp scales 2
a: no special abilities


You were on level 2 of the Dungeon.
You visited 1 branch of the dungeon, and saw 2 of its levels.

You collected 62 gold pieces.

Inventory:

Hand Weapons
 f - a +0 dagger (weapon)
Missiles
 i - 5 atropa-tipped darts
Armour
 a - a +0 robe (worn)
 g - a +0 pair of gloves (worn)
 j - a +0 buckler (worn)
Scrolls
 c - a scroll of poison {unknown}
 d - 3 scrolls of enchant armour {unknown}
 e - 2 scrolls of noise {unknown}
 l - a scroll of vulnerability {unknown}
 m - a scroll of magic mapping {unknown}
 o - a scroll of identify {unknown}
Potions
 b - a potion of magic
 h - 2 potions of degeneration {unknown}
 k - 2 potions of flight
 n - a potion of mutation {unknown}


   Skills:
 + Level 2.3 Dodging
 + Level 2.3 Stealth
 + Level 2.4 Spellcasting
 + Level 0.8 Transmutations
 + Level 3.4 Earth Magic


You had 5 spell levels left.
You knew the following spells:

 Your Spells              Type           Power      Damage    Failure   Level
a - Sandblast             Erth           24%        2d8       7%          1

Your spell library contained the following spells:

 Spells                   Type           Power      Damage    Failure   Level
 Passwall                 Tmut/Erth      6%         N/A       17%         2
 Stone Arrow              Conj/Erth      14%        3d7       38%         3
 Petrify                  Tmut/Erth      8%         N/A       73%         4


Dungeon Overview and Level Annotations

Branches:
Dungeon (2/15)

Altars:

Annotations:
D:2 Robin


Innate Abilities, Weirdness & Mutations

You are mostly covered in razor-sharp scales. (AC +2, Slay +2)


Message History

The goblin wields a +0 sling.
The goblin shoots a sling bullet.
The sling bullet closely misses you.
The sling bullet barely misses the goblin.
You block Robin's attack.
The goblin shoots a sling bullet.
The sling bullet misses you.
The sling bullet barely misses Robin.
Casting: Sandblast (safe; 7% risk of failure)
Confirm with . or Enter, or press ? or * to list all spells.
Aiming: Sandblast (safe; 7% risk of failure)
Press: ? - help, Shift-Dir - straight line, f/p - Robin
Aim: Robin, wielding a +0 spear, wearing a +2 animal skin and wearing a +0 helmet (lightly wounded, 87% to hit)
The blast of sand hits Robin!
Robin is heavily wounded.
Robin throws the goblin at you! Magic courses through your body.
The hobgoblin hits you.
Robin drinks a potion.
Robin is healed!
The goblin hits you with a +0 dagger.
The goblin shoots a sling bullet.
The sling bullet hits you.
* * * LOW HITPOINT WARNING * * *
Casting: Sandblast (safe; 7% risk of failure)
Confirm with . or Enter, or press ? or * to list all spells.
Aiming: Sandblast (safe; 7% risk of failure)
Press: ? - help, Shift-Dir - straight line, f/p - Robin
Aim: Robin, wielding a +0 spear, wearing a +2 animal skin and wearing a +0 helmet (87% to hit)
The blast of sand misses Robin.
The hobgoblin hits you.
* * * LOW HITPOINT WARNING * * *
Robin throws the goblin at you!
The goblin shoots a sling bullet.
The sling bullet hits you but does no damage.
The goblin completely misses you.
The goblin shoots a sling bullet.
The sling bullet completely misses you.
The sling bullet barely misses the goblin.
Robin throws the goblin at you!
* * * LOW HITPOINT WARNING * * *
The goblin barely misses you.
The goblin unwields a +0 sling.
The goblin wields a +0 club.
The goblin barely misses you.
Things that are here:
a +0 dagger; a +0 war axe It was a potion of flight.
You feel very buoyant.
You fly up into the air.
The hobgoblin barely misses you. Robin hits you with a +0 spear.
You die...

....###.#######....#
# #.g....# #....#
#.#.#..#.# #....#
#.#....#.# ######
#....#.#.#####
....#g#.#...
>#..#.#.#$#
#.g#g#))<#
#.g@g..#)#
#.##g#.#.# #
...#.#.# #####.#.#
[...# #.### #.# .#


You could see Robin, a hobgoblin (strong) and 4 goblins.

Vanquished Creatures
  2 adders (D:2)
  A gnoll (D:1)
  2 dart slugs
  2 ball pythons
  2 endoplasms
  A giant cockroach (D:1)
  7 goblins
  3 hobgoblins
  2 quokkas
  A bat (D:2)
  A kobold (D:2)
  2 rats
26 creatures vanquished.

Vanquished Creatures (others)
  3 plants (D:1)
3 creatures vanquished.

Grand Total: 29 creatures vanquished

Notes
Turn   | Place    | Note
-------+----------+-------------------------------------------
     0 | D:1      | DemonSlayer the Demonspawn Earth Elementalist began the
                  | quest for the Orb.
     0 | D:1      | Reached XP level 1. HP: 13/13 MP: 3/3
    44 | D:1      | Reached skill level 3 in Earth Magic
    44 | D:1      | Gained mutation: You are partially covered in razor-sharp
                  | scales. (AC +1, Slay +1) [demonic ancestry]
    44 | D:1      | Reached XP level 2. HP: 19/19 MP: 1/5
   837 | D:2      | Gained mutation: You are mostly covered in razor-sharp
                  | scales. (AC +2, Slay +2) [demonic ancestry]
   837 | D:2      | Reached XP level 3. HP: 24/24 MP: 4/6
  1089 | D:2      | Noticed Robin
  1104 | D:2      | HP: 1/24 [Robin/goblin (1)]
  1105 | D:2      | Slain by Robin

Illustrated notes

Levels and vault maps discovered:
D:1:      minmay_arrival_stair_chambers, layout_basic, serial_bayou_pond_e,
          nicolae_grassy_gnolls
D:2:      layout_basic, uniq_robin

Skill      XL: |  1  2 |
---------------+-------+-----
Earth Magic    | 3 |  3.4
Stealth        | 2 |  2.3
Dodging        | 2 |  2.3
Spellcasting   | |  2.4
Transmutations | |  0.8

Action                   || total
-------------------------++-------
Melee: Dagger            ||     4
 Cast: Sandblast         ||    38
  Use: Potion            ||     2
 Stab: Sleeping          ||     2
Armor: Robe              ||     5
Dodge: Dodged            ||    24
Block: Buckler           ||     3
